 Dungeon Crawl Stone Soup version 0.28.0-53-g5a82cb258f (webtiles) character file.

Game seed: 16186470240643032135

93 GigaChad the Slasher (level 4, -6/37 (38) HPs)
             Began as a Minotaur Gladiator on Aug 21, 2022.
             Was a Follower of Trog.
             Killed by nerve-wracking pain
             ... invoked by Grinder
              (13 damage)
             ... while paralysed by Grinder
             ... on level 3 of the Dungeon.
             The game lasted 00:07:07 (1780 turns).

GigaChad the Slasher (Minotaur Gladiator)           Turns: 1780, Time: 00:07:07

HP:   -6/37 (38)    AC:  3    Str: 18    XL:     4   Next: 36%
MP:   3/3           EV:  2    Int:  7    God:    Trog [*.....]
Gold: 110           SH:  0    Dex: 12    Spells: 3/3 levels left

rFire   . . .      SeeInvis .   a - +0 long sword
rCold   . . .      Faith    .   (no shield)
rNeg    . . .      Spirit   .   b - +0 leather armour
rPois   .          Reflect  .   c - +0 hat
rElec   .          Harm     .   (no cloak)
rCorr   .          Rampage  .   (no gloves)
Will    .....                   (no boots)
Stlth   +.........              (no amulet)
HPRegen 0.12/turn               (no ring)
MPRegen 0.08/turn               (no ring)

@: paralysed, lightly drained
A: horns 2, retaliatory headbutt
a: Renounce Religion, Berserk


You were on level 3 of the Dungeon.
You worshipped Trog.
Trog was aware of your devotion.
You visited 1 branch of the dungeon, and saw 3 of its levels.

You collected 110 gold pieces.

Inventory:

Hand Weapons
 a - a +0 long sword (weapon)
Missiles
 d - 3 throwing nets (quivered)
Armour
 b - a +0 leather armour (worn)
 c - a +0 hat (worn)
Scrolls
 e - a scroll of magic mapping {unknown}
 f - a scroll of fog {unknown}
 h - 2 scrolls of teleportation {unknown}
 i - a scroll of vulnerability {unknown}
 l - a scroll of amnesia {unknown}
 m - a scroll of identify {unknown}
Potions
 g - a potion of magic {unknown}
 j - a potion of attraction {unknown}
 k - a potion of curing {unknown}
 n - a potion of degeneration {unknown}


   Skills:
 + Level 3.2 Fighting
 + Level 4.9 Long Blades
 + Level 2.0 Throwing
 + Level 1.7 Armour
 + Level 4.0 Dodging


You had 3 spell levels left.
You didn't know any spells.
Your spell library was empty.

Dungeon Overview and Level Annotations

Branches:
Dungeon (3/15)

Altars:
Trog

Annotations:
D:3 Grinder


Innate Abilities, Weirdness & Mutations

You have a pair of horns on your head.
You reflexively headbutt those who attack you in melee.


Message History

You slash the kobold!
You kill the kobold!
Trog accepts your kill.
Things that are here:
a +0 whip; a kobold corpse
Things that are here:
a +0 whip; a kobold corpse
Found a stone staircase leading up.
There is a stone staircase leading up here.
A ball python comes into view.
The ball python hisses angrily.
The ball python bites you but does no damage.
The ball python closely misses you.
You slash the ball python!
You kill the ball python!
Trog accepts your kill.
You open the door.
Grinder and a worm come into view.
Grinder shouts!
Grinder gestures at you. Pain shoots through your body!
There is an open door here.
Grinder hits you!
You writhe in agony.
You barely miss Grinder. Grinder gestures at you.
You suddenly lose the ability to move!
Grinder gestures at you. Pain shoots through your body!
Grinder gestures at you. Pain shoots through your body!
* * * LOW HITPOINT WARNING * * *
Grinder hits you.
* * * LOW HITPOINT WARNING * * *
Grinder gestures at you.
You shrug off the repeated paralysis!
Grinder hits you.
* * * LOW HITPOINT WARNING * * *
Grinder gestures at you. Pain shoots through your body!
You die...

#.#.######..##
#.#..........#
#.#.########.# #.#......#
#.# ###### #.####.#.###..
#..... #.#....#.#...)
#..... #.#.####.#.##.
#.....######.#.####...##.
#.....w5@....#........##.
#.....##############..##.
....^.. ......##. #######
#........ #.##..... #.
#...). # #..... #.....
#.####


You could see Grinder and a worm.

Vanquished Creatures
  3 gnolls (D:2)
  An adder (D:2)
  A worm (D:2)
  2 dart slugs (D:1)
  An orc (D:3)
  3 endoplasms
  A giant cockroach (D:1)
  3 goblins
  4 jackals (D:1)
  6 kobolds
  2 quokkas
  10 ball pythons
  4 bats
  4 frilled lizards
  3 rats
  A spectral goblin (D:2)
49 creatures vanquished.

Notes
Turn   | Place    | Note
-------+----------+-------------------------------------------
     0 | D:1      | GigaChad the Minotaur Gladiator began the quest for the
                  | Orb.
     0 | D:1      | Reached XP level 1. HP: 18/18 MP: 0/0
   352 | D:1      | Reached XP level 2. HP: 25/25 MP: 1/1
   690 | D:1      | Reached XP level 3. HP: 29/30 MP: 2/2
  1355 | D:2      | Reached skill level 1 in Armour
  1360 | D:2      | Reached XP level 4. HP: 31/37 MP: 3/3
  1368 | D:2      | Found a bloodstained altar of Trog.
  1602 | D:2      | Found a faded altar of an unknown god.
  1613 | D:2      | Prayed at the altar of an unknown god.
  1613 | D:2      | Became a worshipper of Trog the Wrathful
  1613 | D:2      | Reached * piety under Trog
  1767 | D:3      | Noticed Grinder
  1775 | D:3      | Paralysed by Grinder for 7 turns
  1780 | D:3      | Killed from afar by Grinder

Illustrated notes

Levels and vault maps discovered:
D:1:      lemuel_arrival_hallway, layout_rooms, serial_bayou_crossing
D:2:      layout_basic, dreamdust_ecumenical_altar_drowned_temple, basic_altar
D:3:      layout_basic, serial_shops, shop, serial_bayou_lake_a,
          uniq_crazy_yiuf_cottage, uniq_natasha, uniq_grinder, uniq_jessica

Skill      XL: |  1  2  3  4 |
---------------+-------------+-----
Long Blades    | 4 |  4.9
Armour         | 1 |  1.7
Dodging        | 4 |  4.0
Fighting       | 3 |  3.2
Throwing       | |  2.0

Action                   |  1- 3 |  4- 6 || total
-------------------------+-------+-------++-------
Melee: Long sword        |    70 |    19 ||    89
       Headbutt          |    12 |     1 ||    13
Armor: Leather armour    |    34 |     4 ||    38
Dodge: Dodged            |    88 |    11 ||    99
